 Dungeon Crawl Stone Soup version 0.27-a0-328-g7f782ed93a (webtiles) character file.

Game seed: 16931936862642637944

1 CurlyBrace the Caller (level 1, 0/7 HPs)
             Began as a Felid Summoner on Feb 11, 2021.
             Hit by a stone thrown by a kobold (3 damage)
             ... on level 1 of the Dungeon.
             The game lasted 00:01:31 (44 turns).

CurlyBrace the Caller (Felid Summoner)                Turns: 44, Time: 00:01:32

Health: 0/7        AC:  1    Str:  4    XL:     1   Next: 16%
Magic:  4/4        EV: 18    Int: 16    God:
Gold:   0          SH:  0    Dex: 16    Spells: 3/4 levels left
                                        Lives:  0   Deaths: 0

rFire    . . .     SeeInvis +   (weapon unavailable)
rCold    . . .     Faith    .   (shield unavailable)
rNeg     . . .     Spirit   .   (armour unavailable)
rPois    .         Reflect  .   (helmet unavailable)
rElec    .         Harm     .   (cloak unavailable)
rCorr    .         Rampage  .   (gloves unavailable)
Will     +....                  (boots unavailable)
Stlth    +++.......             (no amulet)
HPRegen  0.02/turn              (no ring)
MPRegen  0.09/turn              (no ring)

@: quick
A: very small, no armour, no weapons or thrown items, stealth, claws 1, fangs 3,
see invisible, speed 1, strong-willed 1, shaggy fur 1, evolution 1, sharp paws
a: no special abilities


You were on level 1 of the Dungeon.
You visited 1 branch of the dungeon, and saw 1 of its levels.

Inventory:

Scrolls
 b - a scroll of teleportation {unknown}


   Skills:
 * Level 0.1 Fighting
 + Level 2.7 Dodging
 + Level 2.7 Stealth
 * Level 0.1 Unarmed Combat
 - Level 2.0 Spellcasting
 - Level 4.0 Summonings


You had 3 spell levels left.
You knew the following spells:

 Your Spells              Type           Power        Failure   Level
a - Summon Small Mammal   Summ           56%          4%          1

Your spell library contained the following spells:

 Spells                   Type           Power        Failure   Level
 Call Imp                 Summ           14%          6%          2
 Call Canine Familiar     Summ           14%          12%         3
 Summon Guardian Golem    Hex/Summ       8%           26%         3
 Summon Ice Beast         Ice/Summ       8%           65%         4
 Summon Lightning Spire   Summ/Air       8%           65%         4


Dungeon Overview and Level Annotations

Branches:
Dungeon (1/15)

Altars:


Innate Abilities, Weirdness & Mutations

You cannot wear armour.
You are incapable of wielding weapons or throwing items.
Your paws allow you to move quietly. (Stealth)
You have sharp claws.
You have razor-sharp teeth.
You have supernaturally acute eyesight. (SInv)
You cover ground quickly.
You are covered in fur. (AC +1)
Your sharp claws are effective at attacking unaware monsters.
You are strong-willed. (Will+)
You evolve.


Message History

Setting a skill training target for Summonings at 5.0.
Setting a skill training target for Ice Magic at 1.0.
Setting a skill training target for Air Magic at 1.0.
Setting a skill training target for Evocations at 1.0.
Setting a skill training target for Stealth at 3.0.
Welcome, CurlyBrace the Felid Summoner.
It is said that the Orb of Zot exists deep within this dungeon.
Press ? for a list of commands and other information.
Found a staircase leading out of the dungeon.
Welcome back, CurlyBrace the Felid Summoner.
Press ? for a list of commands and other information.
Found a sedimented black potion.
You see here a sedimented black potion.
a - a sedimented black potion A goblin comes into view.
It is wielding a +0 dagger.
Found a hand axe.
Found a scroll labelled KOIBYD KIS LAL.
A hobgoblin comes into view.
The helpless goblin fails to defend itself.
You scratch the goblin.
You kill the goblin!
You see here a scroll labelled KOIBYD KIS LAL.
b - a scroll labelled KOIBYD KIS LAL The hobgoblin hits you.
Press: ? - help, v - describe, . - travel
Here: a hobgoblin The floor.
Unknown command.
You barely miss the hobgoblin. The hobgoblin closely misses you.
You scratch the hobgoblin but do no damage.
The hobgoblin hits you.
A kobold comes into view. It is wielding a +0 club.
The kobold shouts!
A leopard gecko comes into view.
It was a potion of mutation.
You feel extremely strange.
You feel strong-willed.
You feel nature experimenting on you.
Don't worry, failures die fast.
The kobold barely misses you.
The kobold throws a stone.
The stone hits you.
You die...

## #############
######.######............
......................###
.........####.........#
.........# #..)....).#
......gK## #.........#
...l....# #....#.#####
........####....#.#
........@.##....#.#
####....#.##.......
#...............
##.#.##.... #.#.. ......
#.... ..#... ..... ....#
## .....


You could see a leopard gecko (wandering), a hobgoblin and a kobold.

Vanquished Creatures
  A goblin (D:1)
1 creature vanquished.

Notes
Turn   | Place    | Note
-------+----------+-------------------------------------------
     0 | D:1      | CurlyBrace the Felid Summoner began the quest for the Orb.
     0 | D:1      | Reached XP level 1. HP: 7/7 MP: 4/4
    39 | D:1      | Gained mutation: You are strong-willed. (Will+) [potion of
                  | mutation]
    39 | D:1      | Gained mutation: You evolve. [potion of mutation]
    44 | D:1      | Hit by a stone thrown by a kobold

Illustrated notes

Levels and vault maps discovered:
D:1:      nicolae_arrival_washed_ashore, layout_rooms

Action                   || total
-------------------------++-------
Melee: Unarmed           ||     3
  Use: Potion            ||     1
 Stab: Sleeping          ||     1
Dodge: Dodged            ||     2

Table legend: (Time is in decaauts)
 A = Elapsed time spent in this place.
 B = Non-inter-level travel time spent in this place.
 C = Inter-level travel time spent in this place.
 D = Time resting spent in this place.
 E = Time spent auto-exploring this place.
 F = Levels seen in this place.
 G = Mean time per level.
                   A        B        C        D        E       F      G
               +--------+--------+--------+--------+--------+-----+--------+
         Total |     36 |     36 |      0 |      0 |      0 |   1 |   36.0 |
       Dungeon |     36 |     36 |      0 |      0 |      0 |   1 |   36.0 |
               +--------+--------+--------+--------+--------+-----+--------+

Top non-repeatable levels by time:
     D:1: 36 daAuts
